 Dungeon Crawl Stone Soup version 0.31.0-11-ge490571c62 (webtiles) character file.

Game seed: 8298301397437926019

150143 Skeral the Lord of Darkness (level 16, -3/85 HPs)
             Began as a Felid Summoner on Jan 27, 2024.
             Was the Champion of Kikubaaqudgha.
             Slain by a slime creature (18 damage)
             ... on level 2 of the Pits of Slime on Jan 29, 2024.
             The game lasted 02:58:51 (33430 turns).

Skeral the Lord of Darkness (Felid Summoner)       Turns: 33430, Time: 02:58:51

Health: -3/85      AC:  3    Str:  6    XL:     16   Next: 98%
Magic:  33/35      EV: 24    Int: 30    God:    Kikubaaqudgha [******]
Gold:   2451       SH:  0    Dex: 18    Spells: 0/44 levels left
                                        Lives:  0   Deaths: 6

rFire   . .          .
                       - Unarmed
rCold   + . .        (shield unavailable)
rNeg    . . .        (body armour unavailable)
rPois   .            (helmet unavailable)
rElec   .            (cloak unavailable)
rCorr   +            (gloves unavailable)
SInv    +            (boots unavailable)
Will    ++...        t - amulet of magic regeneration
Stlth   +++++        R - ring of resist corrosion
HPRegen 0.34/turn    I - +6 ring of intelligence
MPRegen 0.64/turn

%: no passive effects
@: lethally poisoned (-3 -> -37), about to teleport, death channelling, hasted,
very quick
A: very small, claws 1, fangs 3, see invisible, shaggy fur 3, stealthy paws, no
weapons or thrown items, no armour, multi-lived
a: Renounce Religion, Unearth Wretches, Torment


You were on level 2 of the Pits of Slime.
You worshipped Kikubaaqudgha.
Kikubaaqudgha was exalted by your worship.
You visited 7 branches of the dungeon, and saw 33 of its levels.
You also visited: Sewer, Ossuary, Bailey and Ice Cave.

You collected 2973 gold pieces.
You spent 522 gold pieces at shops.


Innate Abilities, Weirdness & Mutations

You have sharp claws.
You have razor-sharp teeth.
You have supernaturally acute eyesight. (SInv)
Your thick and shaggy fur keeps you warm. (AC +3, rC+)
Your paws help you pounce on unaware monsters.
You are incapable of wielding weapons or throwing items.
You cannot wear armour.
You gain extra lives every three experience levels.


   Skills:
 - Level 10.0 Fighting
 - Level 10.0 Dodging
 - Level 10.0 Stealth
 - Level 1.6 Unarmed Combat
 - Level 14.7 Spellcasting
 - Level 8.0 Hexes
 - Level 12.8 Summonings
 + Level 16.8 Necromancy
 - Level 5.0 Translocations
 - Level 5.0 Fire Magic
 - Level 5.0 Air Magic
 - Level 5.0 Evocations


You couldn't memorise any spells.
You knew the following spells:

 Your Spells              Type           Power      Damage    Failure   Level
a - Anguish               Hex/Necr       38%        N/A       1%          4
b - Blink                 Tloc           100%       N/A       1%          2
d - Death Channel         Necr           44%        N/A       1%          6
f - Call Canine Familiar  Summ           78%        N/A       1%          3
g - Summon Blazeheart Go  Fire/Summ      66%        N/A       1%          4
h - Haunt                 Necr/Summ      42%        N/A       4%          7
i - Infestation           Necr           44%        N/A       14%         8
l - Summon Lightning Spi  Summ/Air       66%        N/A       1%          4
G - Summon Cactus Giant   Summ           39%        N/A       1%          6

Your spell library contained the following spells:

 Spells                   Type           Power      Damage    Failure   Level
 Necrotise                Necr           100%       1d9       0%          1
 Summon Small Mammal      Summ           100%       N/A       0%          1
 Call Imp                 Summ           100%       N/A       0%          2
 Sublimation of Blood     Necr           89%        N/A       0%          2
 Fugue of the Fallen      Necr           89%        N/A       0%          3
 Vampiric Draining        Necr           89%        2d12      0%          3
 Kiss of Death            Conj/Necr      100%       2d13      1%          1
 Slow                     Hex            100%       N/A       1%          1
 Jinxbite                 Hex            100%       N/A       1%          2
 Lesser Beckoning         Tloc           100%       N/A       1%          2
 Mercury Vapours          Alch/Air       74%        N/A       1%          2
 Scorch                   Fire           100%       2d9       1%          2
 Confusing Touch          Hex            63%        N/A       1%          3
 Gell's Gravitas          Tloc           51%        N/A       1%          3
 Sigil of Binding         Hex            63%        N/A       1%          3
 Teleport Other           Tloc           51%        N/A       1%          3
 Volatile Blastmotes      Fire/Tloc      100%       2d18      1%          3
 Dispel Undead            Necr           89%        3d28      1%          4
 Borgnjor's Vile Clutch   Necr/Erth      32%        N/A       1%          5
 Summon Forest            Summ/Tloc      33%        N/A       1%          5
 Summon Mana Viper        Hex/Summ       71%        N/A       1%          5
 Magic Dart               Conj           88%        1d7       2%          1
 Sting                    Conj/Alch      88%        1d8       2%          1
 Manifold Assault         Tloc           51%        N/A       2%          4
 Passage of Golubria      Tloc           51%        N/A       2%          4
 Vhi's Electric Charge    Tloc/Air       100%       N/A       2%          4
 Silence                  Hex/Air        28%        N/A       4%          5
 Ozocubu's Armour         Ice            22%        N/A       6%          3
 Flame Wave               Conj/Fire      37%        2d10      8%          4
 Iskenderun's Mystic Bla  Conj/Tloc      37%        2d9       8%          4
 Summon Hydra             Summ           39%        N/A       10%         7
 Yara's Violent Unravell  Hex/Alch       23%        3d10      12%         5
 Borgnjor's Revivificati  Necr           44%        N/A       14%         8
 Fulminant Prism          Conj/Alch      11%        3d9       22%         4
 Olgreb's Toxic Radiance  Alch           22%        N/A       22%         4
 Arcjolt                  Conj/Air       18%        1d28      22%         5
 Dispersal                Tloc           25%        N/A       38%         6
 Enfeeble                 Hex            31%        N/A       56%         7
 Death's Door             Necr           44%        N/A       91%         9
 Bombard                  Conj/Erth      11%        9d3       97%         6
 Eringya's Noxious Bog    Alch           11%        4d6       97%         6
 Lehudib's Crystal Spear  Conj/Erth      11%        10d4      100%        8
 Maxwell's Capacitive Co  Air            25%        ∞         100%        8

Inventory:

Jewellery
 f - a ring of protection from fire
   (You found it on level 13 of the Dungeon)
 t - an amulet of magic regeneration (around neck)
   (You found it on level 5 of the Lair of Beasts)
 I - a +6 ring of intelligence (right paw)
   (You bought it in a shop on level 3 of the Shoals)
 N - a ring of positive energy
   (You found it on level 1 of the Shoals)
 P - a ring of poison resistance
   (You found it on level 5 of the Lair of Beasts)
 R - a ring of resist corrosion (left paw)
   (You found it on level 5 of the Lair of Beasts)
 W - a ring of magical power
   (You found it on level 13 of the Dungeon)
Talismans
 J - a storm talisman
   (You found it on level 2 of the Shoals)
Wands
 r - a wand of charming (15)
   (You found it on level 1 of the Lair of Beasts)
 s - a wand of flame (57)
   (You took it off a crimson imp on level 4 of the Dungeon)
 y - a wand of iceblast (11)
   (You took it off Ijyb on level 5 of the Dungeon)
 B - a wand of light (3)
   (You found it on level 6 of the Dungeon)
 C - a wand of polymorph (13)
   (You found it on level 7 of the Dungeon)
 E - a wand of mindburst (3)
   (You found it on level 14 of the Dungeon)
Scrolls
 b - 7 scrolls of fog
 c - 5 scrolls of vulnerability {!r!r}
 e - 9 scrolls of revelation
 g - 5 scrolls of immolation {!r!r}
 h - 3 scrolls of fear (quivered)
 i - a scroll of blinking {!r}
 l - 6 scrolls of teleportation {@r4}
 w - 6 scrolls of poison {!r}
 A - a scroll of torment {!r}
Potions
 a - 7 potions of magic
 d - 3 potions of enlightenment
 k - 11 potions of might
 m - 8 potions of haste {@q3}
 n - 4 potions of mutation {!q}
 o - 3 potions of cancellation
 p - 4 potions of lignification {!q}
 u - a potion of ambrosia
 v - 5 potions of brilliance
 x - 3 potions of invisibility
 z - a potion of berserk rage {!q}
 D - 4 potions of attraction {!q}
 G - 2 potions of resistance
Miscellaneous
 H - a phial of floods
   (You found it on level 5 of the Lair of Beasts)

Dungeon Overview and Level Annotations

Branches:
Dungeon (15/15) Zot: 26724  Temple (1/1) D:4 Zot: 5969    Lair (5/5) D:9 Zot: 24740
 Shoals (4/4) Lair:3 Zot: 20341  Spider (4/4) Lair:2 Zot: 24739   Slime (2/5) Lair:4 Zot: 11299
    Orc (2/2) D:10 Zot: 10326     Elf (0/3) Orc:2        Vaults (0/5) D:14
  Sewer (visited)         Ossuary (visited)          Bailey (visited)
  IceCv (visited)
 Depths: D:15

Altars:
Ashenzari
Cheibriados
Dithmenos
Elyvilon
Fedhas
Gozag
Hepliaklqana
Kikubaaqudgha
Makhleb
Nemelex Xobeh
Okawaru
Qazlal
Ru
Sif Muna
Trog
Uskayaw
Vehumet
Wu Jian
Xom
Yredelemnul
Zin
The Shining One

Shops:
D:11 (   D:15 *   Shoals:1 ?   Shoals:3 *

Annotations:
D:5 2 transporters
D:13 1 runed translucent door, puppykicker's ghost, journeyman TrEn
D:15 Rupert
Shoals:1 1 runed translucent door, TheRegalBeagle's ghost, adept DsGl
Shoals:3 Ilsuiw
Shoals:4 Nikola

..#..###..#.....
..............#
....#........##### .
#................. ..#
#.#......#.#......
....#.........J.......
...................#..
#..........JJJ......#
##.......@JJ.>.....#
#........J.J...#.##
#.#..............#.#
............#........
.............#.#......
#...........#.....##.#
..........#......## ##
..................
............#.##


You could see a formless jellyfish and 7 slime creatures.


Message History

😕 HP[+55]
You regained 55 hp, and now have 80/85 hp.
You start resting. 😎 HP[+5]
Your hp is fully restored (85).
There is a stone staircase leading down here.
Unknown command.
You're wearing all the rings you can.
Remove which one? (? for menu, Esc to cancel) < or
P - a ring of poison resistance; > or
I - a +6 ring of intelligence You remove your ring of poison resistance.
R - a ring of resist corrosion (left paw)
There is a stone staircase leading down here.
Casting: Call Canine Familiar (safe; 1% risk of failure)
Confirm with . or Enter, or press ? or * to list all spells.
Malign forces permeate your being, awaiting release. 😎 MP[-6]
You lost 6 mp, and now have 29/35 mp.
You feel yourself speed up. 😎 MP[+1]
You climb downwards.
The slime creature misses you.
The slime creature quivers.
The formless jellyfish quivers.
There is a stone staircase leading up, spattered with blood here. 😎 MP[+1]
There are no items here.
The slime creature quivers.
The slime creature hits you!
The slime creature quivers. x3
You climb upwards.
There is a stone staircase leading down here. 😕 HP[-13] MP[+1]
You take 13 damage, and now have 72/85 hp.
Casting: Death Channel (dangerous; 1% risk of failure)
Confirm with . or Enter, or press ? or * to list all spells.
The slime creature misses you. 😕 MP[-5]
You lost 5 mp, and now have 27/35 mp.
You swap places.
Your cactus giant hits the slime creature with a +0 giant spiked club! 😕 MP[+1]
The slime creature is struck by your cactus giant's spines.
The slime creature hits your cactus giant!! 😕 HP[+1] 😕 MP[+1]
The slime creature is struck by your cactus giant's spines.
The slime creature hits your cactus giant!
The slime creature is struck by your cactus giant's spines.
The slime creature dies!
Kikubaaqudgha accepts your kill.
A glowing mist starts to gather...
Unknown command.
You swap places. 😕 HP[+1] MP[+1]
There is a stone staircase leading down here.
You climb downwards.
Your summoned allies are left behind.
The slime creature hits you. The slime creature barely misses you.
The slime creature hits you!! The formless jellyfish stings you.
You suddenly lose the ability to move!
You are poisoned.
The formless jellyfish poisons you!
The formless jellyfish barely misses you.
The slime creature hits you but does no damage.
The slime creature quivers.
You can move again.
There is a stone staircase leading up, spattered with blood here. 😮 HP[-29] MP[+1]
You take 29 damage, and now have 45/85 hp.
MASSIVE DAMAGE!! (PAUSE)
As you read the scroll of teleportation {@r4}, it crumbles to dust.
You feel strangely unstable.
You feel very sick. The slime creature closely misses you.
The slime creature completely misses you.
The slime creature barely misses you.
The slime creature hits you but does no damage.
The slime creature misses you. The slime creature hits you.
* * * LOW HITPOINT WARNING * * *
The formless jellyfish stings you!
* * * LOW HITPOINT WARNING * * *
You shrug off the repeated paralysis!
You are lethally poisoned!
The formless jellyfish poisons you! The formless jellyfish grabs you.
The formless jellyfish constricts you.
* * * LOW HITPOINT WARNING * * *
😨 HP[-16] MP[+1]
You take 16 damage, and now have 29/85 hp.
Okay, then.
Okay, then.
You escape the formless jellyfish's grasp.
* * * LOW HITPOINT WARNING * * *
You feel extremely sick. 😱 HP[-8]
You take 8 damage, and now have 21/85 hp.
Okay, then.
* * * LOW HITPOINT WARNING * * *
You feel very sick. The slime creature barely misses you.
The slime creature hits you!!
You die...
Kikubaaqudgha rasps: "You have failed me!
Welcome... death!"

Skill      XL: |  1  2  3  4  5  6  7  8  9 10 11 12 13 14 15 16 |
---------------+-------------------------------------------------+-----
Spellcasting   | 3 4 5 7 8 9 11 12 13 14 | 14.7
Summonings     | 5 6 7 8 9 10 11 12 | 12.8
Fire Magic     | 1 3 4 5 |  5.0
Translocations | 4 5 |  5.0
Evocations     | 3 4 5 |  5.0
Dodging        | 4 6 8 9 10 | 10.0
Stealth        | 4 6 8 10 | 10.0
Fighting       | 2 4 5 6 9 10 | 10.0
Air Magic      | 2 3 5 |  5.0
Necromancy     | 2 4 5 8 11 14 16 | 16.8
Hexes          | 5 8 |  8.0
Unarmed Combat | 1 |  1.6

Action                     |  1- 3 |  4- 6 |  7- 9 | 10-12 | 13-15 | 16-18 || total
---------------------------+-------+-------+-------+-------+-------+-------++-------
  Melee: Unarmed           |    40 |    57 |    70 |   158 |   121 |    41 ||   487
         Bite              |    11 |     7 |     9 |    26 |    17 |     3 ||    73
         Punch             |     1 |       |     1 |     2 |     4 |     2 ||    10
   Cast: Summon Small Mamm |    28 |     4 |    11 |     3 |       |       ||    46
         Call Imp          |     9 |    12 |    34 |     9 |       |       ||    64
         Call Canine Famil |     2 |    13 |    32 |    41 |    43 |    18 ||   149
         Summon Blazeheart |       |       |    21 |    67 |   119 |     6 ||   213
         Summon Lightning  |       |       |     2 |    38 |   141 |    49 ||   230
         Anguish           |       |       |       |       |    12 |     2 ||    14
         Summon Cactus Gia |       |       |       |       |    81 |    67 ||   148
         Death Channel     |       |       |       |       |    21 |    30 ||    51
         Haunt             |       |       |       |       |       |    36 ||    36
 Invoke: Receive Forbidden |       |       |       |       |     1 |       ||     1
         Unearth Wretches  |       |       |       |       |     4 |     3 ||     7
  Evoke: Wand              |       |       |       |     5 |    16 |     6 ||    27
    Use: Scroll            |       |       |     8 |     8 |    20 |     9 ||    45
         Potion            |       |       |       |     3 |     9 |     8 ||    20
   Stab: Sleeping          |     5 |     1 |     1 |     8 |     3 |     2 ||    20
         Distracted        |     1 |       |     2 |     5 |     6 |     1 ||    15
         Paralysed         |       |       |       |       |     6 |     4 ||    10
         Betrayed ally     |       |       |       |       |     1 |       ||     1
 Armour: Skin              |    13 |    20 |    37 |    95 |   220 |   101 ||   486
  Dodge: Dodged            |    41 |    64 |   117 |   391 |   398 |   142 ||  1153

Levels and vault maps discovered:
D:1:      psy_arrival_radial01, layout_loops_ring,
          shapermc_ecumenical_altar_venn, kennysheep_crisscross
D:2:      layout_loops_cross, uniq_jessica
D:3:      layout_basic, gup_sewer_entry_bowl, grunt_ministairs_1
D:4:      layout_rooms, okawaru_trees_2,
          grunt_temple_overflow_lords_of_destruction, minmay_temple_entry_tees
D:5:      gammafunk_steamed_eel, layout_gridville,
          mainiacjoe_overflow_six_doors_small, nicolae_ossuary_entry_giza,
          uniq_eustachio, uniq_ijyb
D:6:      lemuel_ice_spiral_2, layout_basic, mainiacjoe_overflow_cross_hatched,
          minmay_misc_feat_tower, interstate_on_off, nicolae_water_bricks,
          chequers_serial_rivers_micro_d, grunt_ministairs_8
D:7:      layout_basic, nicolae_hepliaklqana_monster_ancestors,
          minmay_tree_intersection
D:8:      layout_cave_pools
D:9:      layout_basic, kennysheep_mini_moat, due_lair_maze_entry_diamond,
          uniq_joseph
D:10:     layout_roguey, mainiacjoe_overflow_boulevard, erik_orc_2,
          enter_bailey_7, uniq_maurice
D:11:     nicolae_cairo_tiling_very_big, layout_loops_ring, serial_aquarium,
          aquarium_bridge_straight [aquarium_subvault_bridge,
          aquarium_subvault_wall, aquarium_subvault_bridge,
          aquarium_subvault_wall], aquarium_window_corner, aquarium_window_fake,
          aquarium_window_double, aquarium_view_2d, aquarium_view_2c,
          aquarium_balcony_3a, aquarium_pool_2, nicolae_stop_n_shop_2,
          uniq_erica
D:12:     layout_basic, hex_tiny
D:13:     layout_loops_ring, ebering_ghost_funeral_grove, fedhas_ov_isle_minmay
D:14:     layout_cave_pools, hellmonk_vaults_order_and_chaos,
          chequers_serial_rivers_large_b, serial_column_ruins,
          column_ruins_hut_ruined, column_ruins_open_tiny,
          column_ruins_open_tiny, column_ruins_grid_1, eino_house_with_fridge
D:15:     grunt_enter_depths_snipers, layout_cave_pods, serial_shops, shop,
          nicolae_shop_tiny_waterfront, shop_fountains,
          hangedman_decor_riveting, uniq_rupert, uniq_josephine
Temple:   nicolae_temple_great_sept
Lair:1:   layout_gridlike, grunt_megastairs_2
Lair:2:   layout_cellular_growth, spider_nest_entry_web_field, minivault_23,
          grunt_forest_stairs_clearing
Lair:3:   layout_regular_city, nicolae_shoals_entry_roost, serial_bayou_shore_a,
          grunt_megastairs_3, infiniplex_staircase_pool
Lair:4:   layout_cave_pods, dpeg_slime_entry_corner, basic_altar
Lair:5:   gammafunk_lair_ancient_temple, layout_regular_city
Shoals:1: layout_shoals, ebering_ghost_inner_flame,
          nicolae_shoals_stone_sculpture_thing, nicolae_take_the_stairs
Shoals:2: layout_shoals, portal_ice_cave_entry_ugly_swarm
Shoals:3: layout_shoals, serial_shops, shop, nicolae_shoals_secluded_bog,
          uniq_ilsuiw
Shoals:4: shoals_end_grunt_ice, layout_shoals, uniq_nikola
Spider:1: layout_chambers
Spider:2: layout_cave_pods, nicolae_spider_twisty_arc_passages
Spider:3: layout_spider_delve
Spider:4: hellmonk_spider_rune_bug_friends
Slime:1:  layout_caves
Slime:2:  layout_caves, nicolae_slime_barrier
Orc:1:    orc_temple, layout_diamond_mine
Orc:2:    st_orc_ogre_mass, layout_diamond_mine

Notes
Turn   | Place    | Note
-------+----------+-------------------------------------------
     0 | D:1      | Skeral the Felid Summoner began the quest for the Orb.
     0 | D:1      | Reached XP level 1. HP: 9/9 MP: 4/4
     0 | D:1      | magus.rc [v1.10.3]
     0 | D:1      | magus.rc [v1.10.3]
   204 | D:1      | Reached XP level 2. HP: 11/13 MP: 4/6
   214 | D:1      | Learned a level 2 spell: Call Imp
   260 | D:1      | Found a faded altar of an unknown god.
   905 | D:2      | Reached XP level 3. HP: 12/16 MP: 4/8
   944 | D:2      | You add the spells Volatile Blastmotes and Bombard to your
                  | library.
   944 | D:2      | Got the Parchment of Blows and the Sun
   978 | D:2      | Reached skill level 3 in Spellcasting
   980 | D:2      | HP: 4/16 [poisoned by an adder]
  1176 | D:2      | Learned a level 3 spell: Call Canine Familiar
  1263 | D:2      | You pick up a book of Battle and begin reading...
  1263 | D:2      | You add the spells Fugue of the Fallen, Ozocubu's Armour
                  | and Manifold Assault to your library.
  1365 | D:2      | Noticed Jessica
  1375 | D:2      | Killed Jessica
  1376 | D:2      | Reached skill level 5 in Summonings
  1376 | D:2      | Reached XP level 4. HP: 21/21 MP: 1/10
  1376 | D:2      | Gained a life (2 lives remaining)
  1771 | D:3      | Found a glowing drain.
  1775 | Sewer    | Entered a sewer
  1815 | Sewer    | Reached XP level 5. HP: 24/24 MP: 7/11
  1860 | Sewer    | Reached skill level 4 in Spellcasting
  1882 | Sewer    | Noticed Pargi
  1893 | Sewer    | Killed Pargi
  1894 | Sewer    | Gained mutation: You are covered in thick fur. (AC +2)
                  | [Felid growth]
  1894 | Sewer    | Reached XP level 6. HP: 28/28 MP: 10/13
  1944 | Sewer    | Reached skill level 6 in Summonings
  2258 | D:3      | magus.rc [v1.10.3]
  2263 | D:3      | Learned a level 4 spell: Summon Blazeheart Golem
  3012 | D:4      | You pick up a book of Minor Magic and begin reading...
  3012 | D:4      | You add the spells Magic Dart and Blink to your library.
  3024 | D:4      | Learned a level 2 spell: Blink
  3050 | D:4      | Reached skill level 5 in Spellcasting
  3050 | D:4      | Reached skill level 1 in Fire Magic
  3050 | D:4      | Reached XP level 7. HP: 32/32 MP: 10/15
  3063 | D:4      | You pick up a book of Scorching and begin reading...
  3063 | D:4      | You add the spells Scorch, Flame Wave and Summon Cactus
                  | Giant to your library.
  3116 | D:4      | Found a staircase to the Ecumenical Temple.
  3162 | D:4      | Found an iron altar of Okawaru.
  3177 | Temple   | Entered the Ecumenical Temple
  3195 | Temple   | Became a worshipper of Kikubaaqudgha
  3386 | D:4      | Found a burning altar of Makhleb.
  3386 | D:4      | Found a radiant altar of Vehumet.
  3448 | D:5      | Entered Level 5 of the Dungeon
  3481 | D:5      | Reached skill level 2 in Fire Magic
  3519 | D:5      | You pick up a book of Blasting and begin reading...
  3519 | D:5      | You add the spells Fulminant Prism and Iskenderun's Mystic
                  | Blast to your library.
  3526 | D:5      | Found a transporter.
  3526 | D:5      | Found a transporter.
  3704 | D:5      | Found a sand-covered staircase.
  3714 | D:5      | Noticed Ijyb
  3760 | D:5      | Killed Ijyb
  3791 | D:5      | Reached skill level 7 in Summonings
  3838 | Ossuary  | Entered an ossuary
  3872 | Ossuary  | Reached skill level 3 in Fire Magic
  3973 | Ossuary  | Reached XP level 8. HP: 17/36 MP: 11/17
  4199 | D:5      | Reached skill level 6 in Spellcasting
  4356 | D:5      | Found a bloodstained altar of Trog.
  4380 | D:5      | Noticed Eustachio
  4389 | D:5      | Killed Eustachio
  4684 | D:6      | Found a hide-covered altar of Uskayaw.
  4690 | D:6      | Reached * piety under Kikubaaqudgha
  4690 | D:6      | You add the spells Kiss of Death, Necrotise and Vampiric
                  | Draining to your library.
  4690 | D:6      | Received a gift from Kikubaaqudgha
  4691 | D:6      | Reached skill level 4 in Fire Magic
  4808 | D:6      | Reached skill level 8 in Summonings
  5203 | D:6      | Reached skill level 7 in Spellcasting
  5203 | D:6      | Reached XP level 9. HP: 39/39 MP: 13/20
  5430 | D:6      | Reached skill level 1 in Translocations
  5583 | D:6      | Reached skill level 1 in Evocations
  5626 | D:6      | magus.rc [v1.10.3]
  5631 | D:6      | Learned a level 4 spell: Summon Lightning Spire
  5745 | D:7      | Reached skill level 3 in Dodging
  5745 | D:7      | Reached skill level 3 in Stealth
  5745 | D:7      | Reached skill level 5 in Fire Magic
  5819 | D:7      | Reached skill level 2 in Translocations
  5843 | D:7      | Reached skill level 1 in Fighting
  5844 | D:7      | Reached skill level 1 in Air Magic
  6111 | D:7      | Reached skill level 2 in Evocations
  6209 | D:7      | Reached skill level 3 in Translocations
  6392 | D:7      | Reached skill level 4 in Stealth
  6465 | D:7      | You pick up a book of Displacement and begin reading...
  6465 | D:7      | You add the spells Lesser Beckoning, Gell's Gravitas and
                  | Teleport Other to your library.
  6805 | D:7      | Found a hazy altar of Hepliaklqana.
  6900 | D:8      | Reached skill level 4 in Dodging
  6971 | D:8      | Reached ** piety under Kikubaaqudgha
  6982 | D:8      | You pick up a book of Blood and begin reading...
  6982 | D:8      | You add the spells Sublimation of Blood and Summon Hydra to
                  | your library.
  6993 | D:8      | HP: 6/42 [bullfrog (6)]
  7134 | D:8      | Reached skill level 2 in Fighting
  7184 | D:8      | Reached skill level 2 in Air Magic
  7224 | D:8      | magus.rc [v1.10.3]
  7282 | D:8      | Reached skill level 4 in Translocations
  7282 | D:8      | Reached skill level 3 in Evocations
  7328 | D:8      | You pick up a book of Minor Magic and begin reading...
  7393 | D:8      | Reached XP level 10. HP: 47/47 MP: 16/22
  7547 | D:9      | HP: 8/47 [killer bee (9)]
  7552 | D:8      | HP: 6/47 [poisoned by a killer bee]
  7698 | D:9      | Reached skill level 5 in Stealth
  7820 | D:9      | Reached skill level 5 in Dodging
  7904 | D:9      | Reached skill level 9 in Summonings
  7980 | D:9      | Reached skill level 3 in Fighting
  8048 | D:9      | HP: 8/49 [troll (9)]
  8336 | D:9      | Reached *** piety under Kikubaaqudgha
  8336 | D:9      | You add the spells Anguish, Dispel Undead, Borgnjor's Vile
                  | Clutch and Death Channel to your library.
  8336 | D:9      | Received a gift from Kikubaaqudgha
  8337 | D:9      | Reached skill level 5 in Translocations
  8344 | D:9      | Learned a level 6 spell: Death Channel
  8392 | D:9      | Reached skill level 3 in Air Magic
  8451 | D:9      | Reached skill level 6 in Stealth
  8454 | D:9      | Reached skill level 1 in Necromancy
  8511 | D:9      | You pick up a book of Displacement and begin reading...
  8534 | D:9      | Reached skill level 4 in Evocations
  8539 | D:9      | Found a staircase to the Lair.
  8544 | D:9      | Noticed Joseph
  8583 | D:9      | Killed Joseph
  8584 | D:9      | Reached skill level 8 in Spellcasting
  8802 | D:9      | Reached skill level 6 in Dodging
  8880 | D:9      | Found a shadowy altar of Dithmenos.
  9186 | D:10     | Entered Level 10 of the Dungeon
  9233 | D:10     | Noticed a gargoyle
  9245 | D:10     | Noticed a two-headed ogre
  9247 | D:10     | Killed a gargoyle
  9248 | D:10     | Reached skill level 4 in Fighting
  9252 | D:10     | Killed a two-headed ogre
  9253 | D:10     | Reached skill level 2 in Necromancy
  9253 | D:10     | Reached XP level 11. HP: 53/53 MP: 14/24
  9307 | D:10     | You add the spells Summon Forest and Eringya's Noxious Bog
                  | to your library.
  9393 | D:10     | Found a snail-covered altar of Cheibriados.
  9431 | D:10     | Noticed Maurice
  9566 | D:10     | HP: 13/53 [orc priest/divine providence (15)]
  9655 | D:10     | HP: 11/53 [orc warrior/+2 trident of flaming (4)]
  9664 | D:10     | HP: 8/53 [cerulean imp/+1 spear[the player character] (5)]
  9733 | D:10     | Found a flagged portal.
  9746 | D:10     | Reached **** piety under Kikubaaqudgha
  9851 | Bailey   | Entered a bailey
 10095 | Bailey   | Reached skill level 7 in Stealth
 10459 | D:9      | magus.rc [v1.10.3]
 10460 | Lair:1   | Entered Level 1 of the Lair of Beasts
 10622 | Lair:1   | Reached skill level 4 in Air Magic
 10627 | Lair:1   | Reached skill level 7 in Dodging
 10638 | Lair:1   | Reached skill level 5 in Evocations
 10684 | Lair:1   | Reached skill level 3 in Necromancy
 10761 | Lair:1   | HP: 13/54 [poisoned by a cane toad]
 10779 | Lair:1   | Noticed a catoblepas
 10796 | Lair:1   | HP: 4/54 [wolf (11)]
 10797 | Lair:1   | Reached ***** piety under Kikubaaqudgha
 10800 | Lair:1   | Demolished by a catoblepas
 10800 | Lair:1   | Lost a life (1 life remaining)
 10879 | Lair:1   | Reached skill level 5 in Fighting
 10883 | Lair:1   | Reached skill level 8 in Stealth
 11035 | Lair:1   | Reached skill level 10 in Summonings
 11167 | Lair:1   | Killed a catoblepas
 11168 | Lair:1   | Reached skill level 8 in Dodging
 11199 | Lair:1   | Reached skill level 4 in Necromancy
 11222 | Lair:1   | Reached skill level 5 in Air Magic
 11240 | Lair:1   | Gained mutation: Your thick and shaggy fur keeps you warm.
                  | (AC +3, rC+) [Felid growth]
 11240 | Lair:1   | Reached XP level 12. HP: 41/60 MP: 8/25
 11240 | Lair:1   | Gained a life (2 lives remaining)
 11589 | Lair:1   | Learned a level 4 spell: Anguish
 11697 | Lair:2   | Noticed a seven-headed hydra
 11707 | Lair:2   | Killed a seven-headed hydra
 11708 | Lair:2   | Reached skill level 9 in Spellcasting
 11708 | Lair:2   | Reached skill level 1 in Hexes
 11972 | Lair:2   | Reached skill level 9 in Stealth
 11974 | Lair:2   | Reached skill level 2 in Hexes
 12062 | Lair:2   | Reached skill level 6 in Fighting
 12087 | Lair:2   | Reached skill level 3 in Hexes
 12160 | Lair:2   | Found a hole to the Spider Nest.
 12277 | Lair:2   | Noticed a five-headed hydra
 12290 | Lair:2   | Killed a five-headed hydra
 12291 | Lair:2   | Reached skill level 9 in Dodging
 12451 | Lair:3   | Noticed a catoblepas
 12455 | Lair:3   | Noticed a four-headed hydra
 12461 | Lair:3   | Killed a catoblepas
 12462 | Lair:3   | Reached skill level 5 in Necromancy
 12465 | Lair:3   | Killed a four-headed hydra
 12517 | Lair:3   | Reached skill level 4 in Hexes
 12762 | Lair:3   | Reached skill level 10 in Stealth
 12952 | Lair:3   | Found a staircase to the Shoals.
 12967 | Lair:3   | Reached skill level 5 in Hexes
 13081 | Lair:3   | magus.rc [v1.10.3]
 13183 | Lair:4   | Reached XP level 13. HP: 66/66 MP: 23/27
 13475 | Lair:4   | Reached skill level 7 in Fighting
 13482 | Lair:4   | Reached skill level 10 in Dodging
 13510 | Lair:4   | Found a sparkling altar of Nemelex Xobeh.
 13532 | Lair:4   | HP: 16/67 [cane toad (5)]
 13537 | Lair:4   | Mangled by a cane toad
 13537 | Lair:4   | Lost a life (1 life remaining)
 13609 | Lair:4   | Reached skill level 6 in Necromancy
 13795 | Lair:4   | magus.rc [v1.10.3]
 13814 | Lair:4   | Found a staircase to the Slime Pits.
 13855 | Lair:5   | Entered Level 5 of the Lair of Beasts
 13862 | Lair:5   | Reached skill level 11 in Summonings
 13886 | Lair:5   | Reached skill level 6 in Hexes
 14217 | Lair:5   | Reached skill level 10 in Spellcasting
 14231 | Lair:5   | Identified a scroll of acquirement
 14232 | Lair:5   | Acquired 885 gold pieces
 14277 | Lair:5   | Reached skill level 7 in Hexes
 14543 | Lair:5   | Reached skill level 7 in Necromancy
 14586 | Lair:5   | Reached skill level 8 in Fighting
 14587 | Lair:5   | Reached ****** piety under Kikubaaqudgha
 14594 | Lair:5   | Reached skill level 8 in Hexes
 14735 | Lair:5   | You add the spells Haunt, Borgnjor's Revivification,
                  | Infestation and Death's Door to your library.
 14735 | Lair:5   | Received a gift from Kikubaaqudgha (forbidden knowledge)
 14893 | Lair:5   | HP: 2/68 [wind drake/the air (20)]
 15438 | Lair:5   | HP: 12/69 [drowned by a drowned soul[a merfolk avatar]
                  | (17)]
 15872 | D:10     | Identified the +1 sling "Tymul" {drain, Int+6 Dex-2}
 15983 | D:10     | Killed Maurice
 15992 | D:10     | Found a staircase to the Orcish Mines.
 16166 | D:11     | You pick up a book of Debilitation and begin reading...
 16166 | D:11     | You add the spells Slow, Sigil of Binding and Confusing
                  | Touch to your library.
 16197 | D:11     | Learned a level 7 spell: Haunt
 16481 | D:11     | Found Fideifus's Antique Weapon Emporium.
 16549 | D:11     | Noticed Erica
 16564 | D:11     | Killed Erica
 16571 | D:11     | magus.rc [v1.10.3]
 16722 | D:11     | HP: 14/70 [acid dragon/splash of acid (25)]
 17144 | D:12     | Reached skill level 8 in Necromancy
 17289 | D:12     | Reached skill level 9 in Fighting
 17832 | Orc:1    | Entered Level 1 of the Orcish Mines
 18089 | Orc:2    | Entered Level 2 of the Orcish Mines
 18089 | Orc:2    | Found a staircase to the Elven Halls.
 18163 | Orc:2    | Reached skill level 11 in Spellcasting
 18163 | Orc:2    | Reached XP level 14. HP: 63/75 MP: 25/30
 18163 | Orc:2    | Gained a life (2 lives remaining)
 18210 | Orc:2    | Noticed an orc warlord
 18220 | Orc:2    | HP: 16/75 [warg[an orc warlord] (10)]
 18236 | Orc:2    | HP: 8/75 [orc priest/divine providence[an orc warlord]
                  | (13)]
 18529 | Orc:2    | Killed an orc warlord
 18535 | Orc:2    | HP: 7/75 [orc sorcerer/bolt of fire[an orc warlord] (36)]
 18756 | Orc:2    | HP: 9/72 [kobold blastminer/iron shot (40)]
 18972 | Orc:1    | magus.rc [v1.10.3]
 19004 | Orc:1    | HP: 16/75 [two-headed ogre/+0 giant club (12)]
 19780 | D:12     | Reached skill level 9 in Necromancy
 20075 | D:12     | Identified the +3 buckler of the Vaults {rF++}
 20374 | D:13     | Reached skill level 10 in Fighting
 20573 | D:13     | You pick up a book of the Moon and begin reading...
 20573 | D:13     | You add the spells Passage of Golubria, Silence and
                  | Lehudib's Crystal Spear to your library.
 20620 | D:13     | Noticed puppykicker's ghost (journeyman TrEn)
 20620 | D:13     | Identified the +12 whip of Theory {heavy, ^Fragile rF++
                  | rCorr}
 20621 | D:13     | Found a runed translucent door.
 20622 | D:13     | Identified the +7 spear of Qibiesh {protect, MP+9}
 20666 | D:13     | Found a blossoming altar of Fedhas.
 21341 | D:14     | Noticed an ironbound preserver
 21354 | D:14     | Killed an ironbound preserver
 21449 | D:14     | Reached skill level 12 in Spellcasting
 21620 | D:13     | Reached skill level 10 in Necromancy
 21633 | D:13     | Learned a level 6 spell: Summon Cactus Giant
 21713 | D:14     | Found a gate to the Vaults.
 21917 | D:14     | HP: 19/77 [slime creature (15)]
 22129 | D:14     | HP: 17/77 [centaur warrior (14)]
 22131 | D:14     | HP: 8/77 [centaur warrior (3)]
 22775 | D:15     | Entered Level 15 of the Dungeon
 22775 | D:15     | Found Zeudiwk's Assorted Antiques.
 22776 | D:15     | Noticed Josephine
 22782 | D:15     | Killed Josephine
 22788 | D:15     | HP: 19/77 [cloud of flame (18)]
 22790 | D:14     | HP: 7/77 [five-headed hydra (8)]
 23011 | D:14     | magus.rc [v1.10.3]
 23070 | D:15     | Reached skill level 11 in Necromancy
 23107 | D:15     | Noticed Rupert
 23130 | D:15     | HP: 16/77 [Rupert/+3 great mace of distortion (15)]
 23130 | D:15     | HP: 1/77 [Rupert/+3 great mace of distortion (15)]
 23130 | D:15     | Mangled by Rupert
 23130 | D:15     | Lost a life (1 life remaining)
 23178 | D:15     | HP: 7/77 [centaur warrior/arrow (23)]
 23178 | D:15     | Shot with an arrow by a centaur warrior
 23178 | D:15     | Lost a life (0 lives remaining)
 23485 | Spider:1 | Entered Level 1 of the Spider Nest
 23646 | Spider:1 | Reached XP level 15. HP: 75/80 MP: 26/32
 23646 | Spider:1 | Gained a life (1 life remaining)
 23651 | Spider:1 | Reached skill level 13 in Spellcasting
 23809 | Spider:1 | Noticed an emperor scorpion
 23829 | Spider:1 | Killed an emperor scorpion
 23862 | Spider:1 | Reached skill level 12 in Necromancy
 25615 | Spider:2 | Reached skill level 13 in Necromancy
 25748 | Spider:2 | You pick up a book of the Wilderness and begin reading...
 25805 | Spider:2 | Noticed an emperor scorpion
 25831 | Spider:2 | Killed an emperor scorpion
 25832 | Spider:2 | Reached skill level 1 in Unarmed Combat
 26382 | Slime:1  | Entered Level 1 of the Pits of Slime
 26385 | Lair:4   | magus.rc [v1.10.3]
 26425 | Shoals:1 | Entered Level 1 of the Shoals
 26440 | Shoals:1 | HP: 16/80 [water nymph/the raging water (9)]
 26510 | Shoals:1 | Found Danept's Magic Scroll Shop.
 26626 | Shoals:1 | You pick up a book of Misfortune and begin reading...
 26626 | Shoals:1 | You add the spells Jinxbite, Yara's Violent Unravelling and
                  | Enfeeble to your library.
 26642 | Shoals:1 | HP: 13/80 [centaur warrior/arrow (23)]
 26944 | Shoals:1 | You pick up a book of Battle and begin reading...
 27053 | Shoals:1 | Found a runed translucent door.
 27057 | Shoals:1 | Noticed TheRegalBeagle's ghost (adept DsGl)
 27080 | Shoals:1 | You add the spells Sting, Mercury Vapours and Olgreb's
                  | Toxic Radiance to your library.
 27191 | Shoals:2 | Reached skill level 12 in Summonings
 27220 | Shoals:2 | Found a glacial archway.
 27358 | Shoals:2 | Noticed a kraken
 27375 | IceCv    | Entered an ice cave
 27596 | IceCv    | HP: 3/80 [spriggan defender simulacrum (18)]
 27596 | IceCv    | Demolished by a spriggan defender simulacrum
 27596 | IceCv    | Lost a life (0 lives remaining)
 27752 | Shoals:2 | Reached skill level 14 in Necromancy
 27752 | Shoals:2 | Reached XP level 16. HP: 31/85 MP: 29/34
 27752 | Shoals:2 | Gained a life (1 life remaining)
 28103 | Shoals:2 | Killed a kraken
 28116 | Shoals:2 | Identified the staff "Ughisogo" {+Blink rF+ rC+ Hexes Ice}
 28480 | Shoals:2 | magus.rc [v1.10.3]
 28596 | Shoals:3 | Found Weane Zitirch's General Store.
 28605 | Shoals:3 | Bought a scroll of revelation for 90 gold pieces
 28605 | Shoals:3 | Bought a +6 ring of intelligence for 432 gold pieces
 28641 | Shoals:3 | HP: 14/85 [water nymph/the raging water (42)]
 28674 | Shoals:3 | HP: 16/85 [merfolk impaler/+2 trident of protection (21)]
 28674 | Shoals:3 | HP: 5/85 [merfolk impaler/+2 trident of protection (11)]
 28890 | Shoals:3 | Identified the ring of Inyox {rElec Str+4 Int-3 SInv}
 28894 | Shoals:3 | You add the spells Vhi's Electric Charge, Arcjolt and
                  | Maxwell's Capacitive Coupling to your library.
 28911 | Shoals:3 | Reached skill level 14 in Spellcasting
 28922 | Shoals:3 | HP: 18/85 [merfolk javelineer/javelin (19)]
 29167 | Shoals:3 | Noticed Ilsuiw
 29203 | Shoals:4 | Entered Level 4 of the Shoals
 29203 | Shoals:4 | Noticed Nikola
 29211 | Shoals:3 | HP: 14/85 [merfolk javelineer/javelin (15)]
 29754 | Shoals:2 | magus.rc [v1.10.3]
 30363 | Spider:3 | HP: 21/85 [barbs]
 30623 | Spider:2 | HP: 4/85 [wolf spider (22)]
 30623 | Spider:2 | Mangled by a wolf spider
 30623 | Spider:2 | Lost a life (0 lives remaining)
 30848 | Spider:3 | Reached skill level 15 in Necromancy
 31090 | Spider:3 | HP: 21/85 [poisoned by a redback]
 31095 | Spider:2 | HP: 13/85 [poisoned by a redback]
 31717 | Spider:4 | Entered Level 4 of the Spider Nest
 32076 | Spider:4 | Reached skill level 16 in Necromancy
 32287 | Spider:4 | Identified the +1 scale mail of Insatiable Hunger {Int+5}
 32799 | Slime:1  | Noticed an acid blob
 32799 | Slime:1  | Noticed an acid blob
 32805 | Slime:1  | Killed an acid blob
 32807 | Slime:1  | Killed an acid blob
 32858 | Slime:1  | Noticed an acid blob
 32865 | Slime:1  | Killed an acid blob
 32896 | Slime:2  | Noticed an acid blob
 32961 | Slime:1  | Learned a level 8 spell: Infestation
 32972 | Slime:2  | Killed an acid blob
 32981 | Slime:2  | HP: 20/85 [slime creature (10)]
 33177 | Slime:1  | HP: 11/85 [slime creature (19)]
 33427 | Slime:2  | Paralysed by a formless jellyfish for 1 turns
 33429 | Slime:2  | HP: 21/85 [poisoned by a formless jellyfish]
 33430 | Slime:2  | Slain by a slime creature

Vanquished Creatures
  An acid blob (Slime:1)
  An emperor scorpion (Spider:2)
  A quicksilver ooze (Slime:1)
  An ironbound preserver (D:14)
  9 slime creatures
  Erica (D:11)
  5 hydras
  A catoblepas (Lair:3)
  2 centaur warriors
  A jorogumo (Spider:3)
  5 two-headed ogres
  2 tengu warriors (D:13)
  A pharaoh ant (Spider:1)
  2 skysharks
  A skeletal warrior (D:12)
  A spriggan simulacrum (IceCv)
  5 harpies
  A wolf spider (Spider:1)
  2 cyclopes
  A faun (Shoals:2)
  3 ugly things
  3 manticores
  A kobold blastminer (Orc:1)
  An elephant (Lair:1)
  2 water nymphs
  2 black mambas
  Joseph (D:9)
  6 cane toads
  A gargoyle (D:11)
  2 rime drakes
  5 komodo dragons
  An ice devil (IceCv)
  A merfolk (Shoals:1)
  A troll (Orc:1)
  A hornet (D:7)
  A wind drake (Shoals:2)
  A snapping turtle (Shoals:2)
  10 blink frogs
  2 wyverns (D:9)
  A wraith (D:15)
  12 yaks
  A shadow (D:10)
  Eustachio (D:5)
  4 redbacks
  A minotaur simulacrum (IceCv)
  A warg (Orc:2)
  2 basilisks
  An acid dragon (D:11)
  5 water moccasins
  9 orc warriors
  2 ogres
  10 wolves
  A phantom (D:5)
  A kobold brigand (D:9)
  4 bullfrogs
  A scorpion (D:6)
  5 wights
  3 killer bees
  5 electric eels
  A howler monkey (D:8)
  2 orc priests (D:8)
  A hell rat (Lair:2)
  4 orc wizards
  6 gnolls
  A white imp (D:7)
  A dart slug (D:3)
  9 orcs
  2 endoplasms (D:2)
  4 giant cockroaches
  2 goblins
  4 hobgoblins
  5 kobolds
  2 quokkas (D:1)
  2 ball pythons
  An orc zombie (D:5)
  4 rats
210 creatures vanquished.

Vanquished Creatures (collateral kills)
  4 acid blobs
  A kraken (Shoals:2)
  A rockslime (Slime:1)
  3 emperor scorpions
  An orc warlord (Orc:2)
  A formless jellyfish (Slime:1)
  A broodmother (Spider:3)
  A merfolk impaler (Shoals:3)
  A merfolk javelineer (Shoals:3)
  Josephine (D:15)
  A hydra (D:14)
  An entropy weaver (Spider:1)
  A great orb of eyes (Slime:2)
  2 centaur warriors
  An alligator snapping turtle (Shoals:3)
  A catoblepas (Lair:1)
  A jorogumo (Spider:1)
  2 merfolk avatars
  A tengu warrior (D:13)
  3 boulder beetles
  A death yak (D:14)
  6 demonic crawlers
  3 skysharks (Shoals:2)
  2 skeletal warriors (D:12)
  4 pharaoh ants
  7 sea snakes
  2 bog bodies (Shoals:3)
  A glowing orange brain (shapeshifter) (D:14)
  2 spriggan simulacra (IceCv)
  2 sun moths (Spider:4)
  2 orb spiders (Spider:4)
  A glowing orange brain (D:14)
  A necromancer (D:14)
  10 harpies
  A deep elf pyromancer (D:12)
  5 steelbarb worms
  An orc sorcerer (Orc:2)
  18 wolf spiders
  A shining eye (Slime:1)
  Maurice (D:10)
  16 ugly things
  4 cyclopes
  5 manticores
  3 merfolk sirens (Shoals:2)
  3 elephants
  2 moths of wrath (Spider:2)
  A black mamba (Lair:5)
  2 meliai (Spider:4)
  2 water nymphs
  2 kobold blastminers
  3 torpor snails
  3 cane toads
  A gargoyle (D:10)
  An unseen horror (D:10)
  5 komodo dragons
  5 rime drakes
  A freezing wraith (IceCv)
  10 merfolk
  2 polar bears
  2 trolls
  2 hornets (Lair:5)
  5 tarantellas
  2 wind drakes
  14 blink frogs
  5 snapping turtles
  13 dream sheep
  30 slime creatures
  14 jumping spiders
  A spriggan (Lair:2)
  16 yaks
  2 water elementals
  5 wraiths
  11 culicivoras
  2 wyverns
  A hog (shapeshifter) (D:14)
  A basilisk (Lair:3)
  31 redbacks
  8 golden eyes
  A steam dragon (Lair:5)
  3 death yak simulacra (D:14)
  2 minotaur simulacra (IceCv)
  2 acid dragons
  6 hydra simulacra (D:14)
  12 water moccasins
  7 orc warriors
  6 nameless horrors
  2 ice beasts
  5 black bears
  Pargi (Sewer)
  11 wolves
  A centaur (D:9)
  3 ogres
  A weeping skull (Ossuary)
  3 kobold brigands
  2 brain worms (Sewer)
  10 bullfrogs
  2 deep troll simulacra (IceCv)
  2 scorpions
  7 wights
  A burial acolyte (Ossuary)
  8 killer bees
  A lindwurm simulacrum (IceCv)
  An elephant simulacrum (D:14)
  3 howler monkeys
  A bombardier beetle (D:5)
  A crimson imp (D:4)
  A gnoll bouda (D:7)
  8 orc priests
  2 hounds
  A jelly (D:6)
  Jessica (D:2)
  A human zombie (Ossuary)
  2 iguanas (D:6)
  Ijyb (D:5)
  A sleepcap (D:5)
  15 orc wizards
  6 hell rats
  6 mummies
  11 gnolls
  13 adders
  2 river rats (D:3)
  A hell rat simulacrum (D:14)
  2 ribbon worms
  2 dart slugs (D:4)
  52 orcs
  A bat (D:3)
  2 endoplasms
  3 giant cockroaches
  3 gnoll zombies (Ossuary)
  4 goblins
  5 hobgoblins
  4 jackals (D:4)
  26 kobolds
  4 quokkas
  4 ball pythons
  5 frilled lizards
  2 kobold zombies
  3 orc zombies (Ossuary)
  5 rats
  A spectral hobgoblin (D:7)
  3 tentacles (Shoals:2)
644 creatures vanquished.

Vanquished Creatures (others)
  A formless jellyfish (Slime:1)
  An entropy weaver (Spider:3)
  A tengu warrior (D:13)
  A radroach (Spider:3)
  A satyr (Shoals:2)
  A bog body (Shoals:3)
  A steelbarb worm (Spider:3)
  A harpy (Shoals:2)
  4 fauns
  2 merfolk
  A tarantella (Spider:3)
  A blink frog (Lair:3)
  A snapping turtle (Shoals:3)
  A culicivora (Spider:3)
  A basilisk (D:13)
  A warg (Orc:2)
  A redback (Spider:1)
  An orc warrior (Orc:2)
  An orc priest (Orc:2)
  132 blazeheart cores
  A tentacle (Shoals:2)
156 creatures vanquished.

Grand Total: 1010 creatures vanquished

Table legend:
 A = Non-vault XP
 B = Vault XP
 C = Vault XP percentage of total XP
 D = Non-vault monster count
 E = Vault monster count
 F = Vault count percentage of total count
                 A         B        C        D         E       F
            +---------+---------+-------+---------+---------+-------
      Total |  171073 |   43417 |  20.2 |     652 |     195 |  23.0
            +---------+---------+-------+---------+---------+-------
        D:1 |      35 |       0 |   0.0 |      20 |       0 |   0.0
        D:2 |      66 |      37 |  35.9 |      19 |       1 |   5.0
        D:3 |     115 |      31 |  21.2 |      24 |       6 |  20.0
        D:4 |     241 |      48 |  16.6 |      13 |       1 |   7.1
        D:5 |     520 |     253 |  32.7 |       9 |       5 |  35.7
        D:6 |     985 |      27 |   2.7 |      15 |       2 |  11.8
        D:7 |    1276 |       3 |   0.2 |      20 |       2 |   9.1
        D:8 |    1382 |       0 |   0.0 |      38 |       0 |   0.0
        D:9 |    2279 |    2060 |  47.5 |      32 |       9 |  22.0
       D:10 |    2134 |    1520 |  41.6 |       8 |      26 |  76.5
       D:11 |    2654 |     855 |  24.4 |      12 |       1 |   7.7
       D:12 |    7458 |       0 |   0.0 |      23 |       0 |   0.0
       D:13 |    5530 |       0 |   0.0 |       9 |       0 |   0.0
       D:14 |    8513 |    5220 |  38.0 |      22 |      17 |  43.6
       D:15 |    3380 |    1981 |  37.0 |       7 |       6 |  46.2
     Lair:1 |    8637 |     835 |   8.8 |      38 |       4 |   9.5
     Lair:2 |    5503 |    1002 |  15.4 |      23 |       6 |  20.7
     Lair:3 |    4005 |    3562 |  47.1 |      15 |       5 |  25.0
     Lair:4 |    3848 |     806 |  17.3 |      17 |       2 |  10.5
     Lair:5 |    8468 |    6283 |  42.6 |      31 |      17 |  35.4
   Shoals:1 |   10258 |       0 |   0.0 |      23 |       0 |   0.0
   Shoals:2 |   16374 |    6607 |  28.7 |      30 |      12 |  28.6
   Shoals:3 |    8052 |    1602 |  16.6 |      15 |       3 |  16.7
   Spider:1 |   17758 |       0 |   0.0 |      48 |       0 |   0.0
   Spider:2 |    8022 |       0 |   0.0 |      19 |       0 |   0.0
   Spider:3 |   11798 |       0 |   0.0 |      31 |       0 |   0.0
   Spider:4 |    9990 |    3847 |  27.8 |      17 |       6 |  26.1
    Slime:1 |   12158 |       0 |   0.0 |      25 |       0 |   0.0
    Slime:2 |    4637 |       0 |   0.0 |      12 |       0 |   0.0
      Orc:1 |    1617 |    2431 |  60.1 |       8 |       3 |  27.3
      Orc:2 |    3380 |       0 |   0.0 |      29 |       0 |   0.0
      Sewer |       0 |     315 | 100.0 |       0 |      10 | 100.0
    Ossuary |       0 |     305 | 100.0 |       0 |      15 | 100.0
     Bailey |       0 |     291 | 100.0 |       0 |      25 | 100.0
      IceCv |       0 |    3496 | 100.0 |       0 |      11 | 100.0
            +---------+---------+-------+---------+---------+-------

Skill      XL: |  1  2  3  4  5  6  7  8  9 10 11 12 13 14 15 16 |
---------------+-------------------------------------------------+-----
Spellcasting   | 3 4 5 7 8 9 11 12 13 14 | 14.7
Summonings     | 5 6 7 8 9 10 11 12 | 12.8
Fire Magic     | 1 3 4 5 |  5.0
Translocations | 4 5 |  5.0
Evocations     | 3 4 5 |  5.0
Dodging        | 4 6 8 9 10 | 10.0
Stealth        | 4 6 8 10 | 10.0
Fighting       | 2 4 5 6 9 10 | 10.0
Air Magic      | 2 3 5 |  5.0
Necromancy     | 2 4 5 8 11 14 16 | 16.8
Hexes          | 5 8 |  8.0
Unarmed Combat | 1 |  1.6

Action                     |  1- 3 |  4- 6 |  7- 9 | 10-12 | 13-15 | 16-18 || total
---------------------------+-------+-------+-------+-------+-------+-------++-------
  Melee: Unarmed           |    40 |    57 |    70 |   158 |   121 |    41 ||   487
         Bite              |    11 |     7 |     9 |    26 |    17 |     3 ||    73
         Punch             |     1 |       |     1 |     2 |     4 |     2 ||    10
   Cast: Summon Small Mamm |    28 |     4 |    11 |     3 |       |       ||    46
         Call Imp          |     9 |    12 |    34 |     9 |       |       ||    64
         Call Canine Famil |     2 |    13 |    32 |    41 |    43 |    18 ||   149
         Summon Blazeheart |       |       |    21 |    67 |   119 |     6 ||   213
         Summon Lightning  |       |       |     2 |    38 |   141 |    49 ||   230
         Anguish           |       |       |       |       |    12 |     2 ||    14
         Summon Cactus Gia |       |       |       |       |    81 |    67 ||   148
         Death Channel     |       |       |       |       |    21 |    30 ||    51
         Haunt             |       |       |       |       |       |    36 ||    36
 Invoke: Receive Forbidden |       |       |       |       |     1 |       ||     1
         Unearth Wretches  |       |       |       |       |     4 |     3 ||     7
  Evoke: Wand              |       |       |       |     5 |    16 |     6 ||    27
    Use: Scroll            |       |       |     8 |     8 |    20 |     9 ||    45
         Potion            |       |       |       |     3 |     9 |     8 ||    20
   Stab: Sleeping          |     5 |     1 |     1 |     8 |     3 |     2 ||    20
         Distracted        |     1 |       |     2 |     5 |     6 |     1 ||    15
         Paralysed         |       |       |       |       |     6 |     4 ||    10
         Betrayed ally     |       |       |       |       |     1 |       ||     1
 Armour: Skin              |    13 |    20 |    37 |    95 |   220 |   101 ||   486
  Dodge: Dodged            |    41 |    64 |   117 |   391 |   398 |   142 ||  1153

Illustrated notes

Table legend:
 A = Kills in this place as a percentage of kills in the entire game.
 B = Kills by you in this place as a percentage of kills by you in the entire game.
 C = Kills by friends in this place as a percentage of kills by friends in the entire game.
 D = Other kills in this place as a percentage of other kills in the entire game.
 E = Experience gained in this place as a percentage of experience gained in the entire game.
 F = Experience gained in this place divided by the number of levels of this place that you have seen.
                   A       B       C       D       E      F
               +-------+-------+-------+-------+-------+----------------------
         Total | 100.0 | 100.0 | 100.0 | 100.0 | 100.0 | 5797.0
       Dungeon |  41.0 |  49.0 |  39.0 |  15.4 |  22.7 | 3240.2
          Lair |  18.7 |  32.5 |  14.5 |   7.7 |  20.0 | 8589.8
        Shoals |   9.8 |   3.0 |  11.4 |  38.5 |  20.0 | 10723.2
   Spider Nest |  14.3 |   3.0 |  17.7 |  23.1 |  24.0 | 12853.8
    Slime Pits |   4.4 |   1.0 |   5.5 |   0.0 |   7.8 | 8397.5
  Orcish Mines |   4.7 |   5.5 |   4.3 |  15.4 |   3.5 | 3714.0
         Sewer |   1.2 |   0.0 |   1.6 |   0.0 |   0.1 | 315.0
       Ossuary |   1.8 |   0.0 |   2.4 |   0.0 |   0.1 | 305.0
        Bailey |   3.0 |   4.5 |   2.5 |   0.0 |   0.1 | 291.0
      Ice Cave |   1.3 |   1.5 |   1.3 |   0.0 |   1.6 | 3496.0
               +-------+-------+-------+-------+-------+----------------------

Table legend: (Time is in decaauts)
 A = Elapsed time spent in this place.
 B = Non-inter-level travel time spent in this place.
 C = Inter-level travel time spent in this place.
 D = Time resting spent in this place.
 E = Time spent auto-exploring this place.
 F = Levels seen in this place.
 G = Mean time per level.
                   A        B        C        D        E       F      G
               +--------+--------+--------+--------+--------+-----+--------+
         Total |  33784 |  30864 |   2920 |   8618 |   4648 |  37 |  913.1 |
       Dungeon |  15609 |  14648 |    961 |   2832 |   3880 |  15 | 1040.6 |
        Temple |     30 |     11 |     19 |      0 |      0 |   1 |   30.0 |
          Lair |   5626 |   4684 |    942 |   1063 |    138 |   5 | 1125.2 |
        Shoals |   3658 |   3438 |    220 |   1439 |      0 |   4 |  914.5 |
   Spider Nest |   5260 |   4521 |    739 |   1662 |    517 |   4 | 1315.0 |
    Slime Pits |    700 |    698 |      2 |    341 |      0 |   2 |  350.0 |
  Orcish Mines |   1674 |   1640 |     34 |   1091 |      0 |   2 |  837.0 |
         Sewer |    195 |    195 |      0 |      0 |      0 |   1 |  195.0 |
       Ossuary |    309 |    309 |      0 |     47 |      0 |   1 |  309.0 |
        Bailey |    399 |    399 |      0 |      0 |    113 |   1 |  399.0 |
      Ice Cave |    319 |    319 |      0 |    142 |      0 |   1 |  319.0 |
               +--------+--------+--------+--------+--------+-----+--------+

Top non-repeatable levels by time:
Spider:2: 1950 daAuts
Shoals:2: 1949 daAuts
Spider:1: 1918 daAuts
    D:14: 1694 daAuts
     D:9: 1654 daAuts
  Lair:5: 1628 daAuts
    D:12: 1395 daAuts
    D:10: 1271 daAuts
     D:7: 1210 daAuts
   Orc:1: 1203 daAuts
  Lair:1: 1195 daAuts
    D:13: 1190 daAuts
     D:6: 1188 daAuts
     D:3: 1150 daAuts
  Lair:4: 1086 daAuts
